 Dungeon Crawl Stone Soup version 0.25.1-2-g60ff931 (webtiles) character file.

Game seed: 16944234059821371814

879 Gadfly the Chopper (level 7, -2/85 HPs)
             Began as a Demonspawn Monk on Aug 4, 2020.
             Slain by Menkaure (11 damage)
             ... on level 5 of the Dungeon.
             The game lasted 00:07:36 (5577 turns).

Gadfly the Chopper (Demonspawn Monk)                Turns: 5577, Time: 00:07:37

Health: -2/85      AC: 23    Str: 14    XL:     7   Next: 75%
Magic:  7/7        EV:  2    Int: 11    God:
Gold:   249        SH:  0    Dex: 15    Spells: 6/6 levels left

rFire    . . .     SeeInvis .   a - +1 hand axe
rCold    . . .     Gourm    .   (no shield)
rNeg     + + +     Faith    .   (armour currently unavailable)
rPois    +         Spirit   .   (helmet currently unavailable)
rElec    .         Reflect  .   (cloak currently unavailable)
rCorr    .         Harm     .   (gloves currently unavailable)
MR       .....     NoTele   +   (boots currently unavailable)
Stlth    ++........             (no amulet)
HPRegen  0.24/turn              k - ring of poison resistance
MPRegen  0.10/turn              g - +4 ring of slaying

@: tree-form
A: rugged brown scales 2
a: no special abilities


You were on level 5 of the Dungeon.
You were not hungry.
You were a tree.
You visited 1 branch of the dungeon, and saw 5 of its levels.

You collected 249 gold pieces.

Inventory:

Hand Weapons
 a - a +1 hand axe (weapon)
 b - a +1 short sword of venom
Armour
 f - a +2 helmet (melded)
 i - a cursed +0 cloak (melded)
 p - a +0 scale mail (melded)
Jewellery
 d - an uncursed ring of fire
 g - a +4 ring of slaying (right branch)
 k - a ring of poison resistance (left branch)
 n - an uncursed ring of ice
Scrolls
 l - 2 scrolls of identify
 q - a scroll of teleportation
 r - a scroll of brand weapon {unknown}
Potions
 e - a potion of mutation
 h - a potion of haste
 m - a potion of heal wounds {unknown}
Comestibles
 c - 6 rations
 j - 4 chunks of flesh


   Skills:
 + Level 4.5 Fighting
 * Level 6.1 Axes
 * Level 4.7 Armour
 - Level 2.6 Dodging
 - Level 1.7 Stealth


You had 6 spell levels left.
You didn't know any spells.
Your spell library contained the following spells:

 Spells                   Type           Power        Failure   Level  Hunger
 Animate Skeleton         Necr           N/A          34%         1    ##.....
 Pain                     Necr           #...         34%         1    ##.....
 Vampiric Draining        Necr           #.........   71%         3    ####...
 Animate Dead             Necr           N/A          98%         4    #####..
 Agony                    Necr           #.......     100%        5    ######.


Dungeon Overview and Level Annotations

Branches:
Dungeon (5/15)
 Temple: D:4-7

Altars:
Okawaru

Annotations:
D:4 2 transporters, roflc0ptic's ghost, amateur OpTm
D:5 1 runed translucent door, Menkaure


Innate Abilities, Weirdness & Mutations

((You have sharp fingernails.))
(You are mostly covered in rugged brown scales. (AC +2, +5% HP))
((You are partially covered in sharp spines.))


Message History

Really quaff the potion of lignification?
You turn into a tree.
Your cursed +0 cloak melds into your body.
Your +2 helmet melds into your body.
Your +0 scale mail melds into your body.
Your roots penetrate the ground.
Menkaure hits you.
* * * LOW HITPOINT WARNING * * *
You slash Menkaure!
Menkaure is severely damaged.
Menkaure hits you but does no damage.
You barely miss Menkaure.
Menkaure is severely damaged.
Menkaure hits you but does no damage. x2
You hit Menkaure.
Menkaure is severely damaged.
Menkaure hits you but does no damage.
You hit Menkaure.
Menkaure is almost destroyed.
Menkaure hits you!
You die...

#.#####..........#.##.#
#.# #.............#.# #.#
#..........#..#.# #.#
###...........#.###
#.#######..#...#....#....
#.......#..#.#.#......###
#######..>.........<....#
########'########.#.#
#..M♣........... ....
#............... .#.#
#....#######.... .#.#
#....# ... .# # #....+ ..
.# #....# . #....# #.....


You could see Menkaure (fast).

Vanquished Creatures
  Duvessa (D:3)
  An ogre (D:4)
  Blork the orc (D:4)
  Dowan (D:3)
  A scorpion (D:4)
  2 orc priests (D:4)
  2 orc wizards
  Jessica (D:2)
  Natasha (thrice) (D:3)
  2 worker ants (D:4)
  6 gnolls
  9 adders
  An ooze (D:4)
  An adder skeleton (D:5)
  4 worms
  2 dart slugs
  2 leopard geckos
  13 orcs
  6 giant cockroaches
  2 goblins
  7 hobgoblins
  6 jackals
  2 quokkas
  2 ball pythons
  5 bats
  A frilled lizard (D:1)
  6 kobolds
  14 rats
104 creatures vanquished.

Notes
Turn   | Place    | Note
-------+----------+-------------------------------------------
     0 | D:1      | Gadfly the Demonspawn Monk began the quest for the Orb.
     0 | D:1      | Reached XP level 1. HP: 18/18 MP: 1/1
    58 | D:1      | Reached skill level 3 in Axes
   178 | D:1      | Gained mutation: You are partially covered in rugged brown
                  | scales. (AC +1, +3% HP) [demonic ancestry]
   178 | D:1      | Reached XP level 2. HP: 18/24 MP: 2/2
   502 | D:1      | Reached skill level 1 in Armour
   884 | D:2      | Reached XP level 3. HP: 10/29 MP: 3/3
  1253 | D:2      | Noticed Jessica
  1257 | D:2      | Killed Jessica
  1309 | D:2      | Reached skill level 4 in Axes
  1676 | D:2      | Gained mutation: You are mostly covered in rugged brown
                  | scales. (AC +2, +5% HP) [demonic ancestry]
  1676 | D:2      | Reached XP level 4. HP: 28/36 MP: 4/4
  2325 | D:3      | Noticed Natasha
  2333 | D:3      | Killed Natasha
  2333 | D:3      | Gained mutation: You have sharp fingernails. [demonic
                  | ancestry]
  2333 | D:3      | Reached XP level 5. HP: 43/43 MP: 5/5
  2493 | D:3      | Noticed Natasha
  2502 | D:3      | Killed Natasha
  2750 | D:3      | Found an iron altar of Okawaru.
  3312 | D:3      | Noticed Natasha
  3326 | D:3      | Killed Natasha
  3456 | D:4      | Gained mutation: You are partially covered in sharp spines.
                  | [demonic ancestry]
  3456 | D:4      | Reached XP level 6. HP: 24/49 MP: 6/6
  3621 | D:4      | Reached skill level 5 in Axes
  3622 | D:4      | Noticed Duvessa
  3630 | D:4      | Noticed Dowan
  4343 | D:3      | Killed Duvessa
  4343 | D:3      | Reached XP level 7. HP: 15/56 MP: 7/7
  4356 | D:3      | Killed Dowan
  5128 | D:4      | Found a transporter.
  5133 | D:4      | Noticed roflc0ptic's ghost (amateur OpTm)
  5172 | D:4      | Reached skill level 6 in Axes
  5274 | D:4      | Found a transporter.
  5330 | D:4      | Noticed Blork the orc
  5346 | D:4      | Killed Blork the orc
  5510 | D:5      | Entered Level 5 of the Dungeon
  5567 | D:5      | Noticed Menkaure
  5571 | D:5      | Found a runed translucent door.
  5577 | D:5      | Slain by Menkaure

Illustrated notes

Levels and vault maps discovered:
D:1:      matt_arrival_diagonals, layout_loops_ring,
          chequers_serial_rivers_room_b
D:2:      layout_loops_ring, grunt_decor_arrowhead, uniq_jessica
D:3:      layout_loops_ring, okawaru_altar_gauntlet_db, uniq_natasha
D:4:      wander_river, layout_loops_ring, first_ration,
          gammafunk_ghost_stat_death, uniq_blork_the_orc, uniq_duvessa
D:5:      lemuel_insect_pit, layout_basic, basic_altar, uniq_menkaure,
          uniq_edmund, uniq_ijyb

Skill      XL: |  1  2  3  4  5  6  7 |
---------------+----------------------+-----
Axes           | 3 4 5 6 |  6.1
Armour         | 1 2 3 4 |  4.7
Fighting       | 4 |  4.5
Dodging        | |  2.6
Stealth        | |  1.7

Action                   |  1- 3 |  4- 6 |  7- 9 || total
-------------------------+-------+-------+-------++-------
Melee: Hand axe          |    84 |   170 |    65 ||   319
  Use: Scroll            |     4 |     2 |       ||     6
       Potion            |       |     2 |     3 ||     5
 Stab: Sleeping          |     2 |     3 |       ||     5
  Eat: Chunk             |     2 |     8 |     5 ||    15
Armor: Robe              |     4 |       |       ||     4
       Leather armour    |    15 |    49 |       ||    64
       Ring mail         |       |    38 |    18 ||    56
       Skin              |       |       |     8 ||     8
       Scale mail        |       |       |     2 ||     2
Dodge: Dodged            |    56 |   125 |    21 ||   202
